 Dungeon Crawl Stone Soup version 0.27-a0-1324-ge0d8e047f6 (webtiles) character file.

Game seed: 602451760254527142

1440 27snakeeyes612 the Sneak (level 8, -12/84 HPs)
             Began as an Octopode Fighter on June 23, 2021.
             Was a Follower of Trog.
             Killed from afar by a steam dragon (14 damage)
             ... with a ball of steam
             ... on level 6 of the Dungeon.
             The game lasted 00:06:18 (7356 turns).

27snakeeyes612 the Sneak (Octopode Fighter)         Turns: 7356, Time: 00:06:19

Health: -12/84     AC:  1    Str: 18    XL:     8   Next: 74%
Magic:  8/8        EV: 12    Int: 10    God:    Trog [*.....]
Gold:   291        SH: 11    Dex: 11    Spells: 7/7 levels left

rFire    . . .     SeeInvis .   j - +0 broad axe (flame)
rCold    . . .     Faith    .   b - +1 kite shield
rNeg     . . .     Spirit   .   (helmet restricted)
rPois    .         Reflect  .   (no amulet)
rElec    .         Harm     .   (no ring)
rCorr    .         Rampage  .   (no ring)
Will     .....                  (no ring)
Stlth    ..........             (no ring)
HPRegen  0.24/turn              (no ring)
MPRegen  0.11/turn              (no ring)
                                (no ring)
                                (no ring)

@: berserking, very quick
A: almost no armour, amphibious, 8 rings, camouflage 1, gelatinous body 1,
(nimble swimmer 1), tentacles
a: Renounce Religion, Berserk


You were on level 6 of the Dungeon.
You worshipped Trog.
Trog was aware of your devotion.
You visited 2 branches of the dungeon, and saw 7 of its levels.

You collected 291 gold pieces.

Inventory:

Hand Weapons
 a - a +0 war axe
 j - a +0 broad axe of flaming (weapon)
Armour
 b - a +1 kite shield (worn)
Wands
 k - a wand of flame (6) (quivered)
Scrolls
 h - a scroll of identify
Potions
 c - a potion of curing
 d - a potion of cancellation
 e - a potion of magic {unknown}
 g - a potion of haste
 i - a potion of resistance
 l - 2 potions of brilliance
 m - a potion of degeneration
 o - a potion of mutation {unknown}
 p - a potion of heal wounds {unknown}


   Skills:
 + Level 5.5 Fighting
 + Level 5.0 Axes
 + Level 5.6 Dodging
 + Level 6.2 Stealth
 + Level 5.5 Shields


You had 7 spell levels left.
You didn't know any spells.
Your spell library was empty.

Dungeon Overview and Level Annotations

Branches:
Dungeon (6/15)             Temple (1/1) D:4

Altars:
Cheibriados
Dithmenos
Elyvilon
Fedhas
Kikubaaqudgha
Makhleb
Nemelex Xobeh
Okawaru
Ru
Sif Muna
Trog
Uskayaw

Shops:
D:3 *

Annotations:
D:4 1 runed translucent door, Crazy Yiuf


Innate Abilities, Weirdness & Mutations

You cannot wear most types of armour.
You are amphibious.
You can wear up to eight rings at the same time.
Your skin changes colour to match your surroundings (Stealth+).
Your rubbery body absorbs attacks. (AC +1, EV +1)
((You are camouflaged near water. (Stealth+)))
You have tentacles for arms and can constrict up to eight enemies at once.


Message History

The centaur zombie closely misses you.
The centaur zombie kicks you but does no damage.
You block the centaur zombie's attack. The centaur zombie barely misses you.
You hit the centaur zombie. You burn the centaur zombie.
The centaur zombie is severely damaged.
You block the centaur zombie's attack. The centaur zombie kicks you.
The centaur zombie hits you.
The centaur zombie kicks you but does no damage.
A centaur zombie is nearby!
You slash the centaur zombie! You burn the centaur zombie.
You destroy the centaur zombie!
Trog accepts your kill.
A steam dragon comes into view.
A steam dragon is nearby!
The steam dragon hisses angrily.
You slash the steam dragon! You burn the steam dragon.
The steam dragon is moderately wounded.
The steam dragon breathes steam at you. The ball of steam hits you!!
The steam dragon bites you. You block the steam dragon's attack.
You are too injured to fight recklessly!
The steam dragon bites you!
* * * LOW HITPOINT WARNING * * *
The steam dragon claws you.
* * * LOW HITPOINT WARNING * * *
A red film seems to cover your vision as you go berserk!
You feel yourself moving faster!
You feel mighty! The steam dragon bites you.
* * * LOW HITPOINT WARNING * * *
The steam dragon closely misses you.
You slash the steam dragon! You burn the steam dragon.
Your squeeze misses the steam dragon.
The steam dragon is almost dead.
The steam dragon bites you.
* * * LOW HITPOINT WARNING * * *
You block the steam dragon's attack.
You closely miss the steam dragon.
The steam dragon is almost dead.
The steam dragon breathes steam at you. The ball of steam hits you!
You die...

#####.....#
#.....##### #.....#
#..§§.# #+####.§..§#
....§......§#
....§.......#
............#
..........@D#####
#######+#........#
#....#........#
+....#........#
#....#........#
#....#........#
#####+##............#
#......##...........#
#..........#########


You could see a steam dragon (catching breath).

Vanquished Creatures
  Grinder (D:5)
  2 water moccasins
  An orc warrior (D:4)
  A necrophage (D:5)
  An ogre (D:5)
  A centaur (D:5)
  A phantom (D:4)
  Blork the orc (D:4)
  A gnoll sergeant (D:4)
  2 howler monkeys (D:4)
  A centaur zombie (D:6)
  An orc priest (D:4)
  Ijyb (D:3)
  3 iguanas
  4 orc wizards
  A hound skeleton (D:4)
  3 gnolls
  3 adders (D:2)
  A worm (D:2)
  A dart slug (D:5)
  9 orcs
  9 endoplasms
  A giant cockroach (D:3)
  5 goblins
  7 hobgoblins
  13 jackals
  5 kobolds
  A quokka (D:5)
  4 ball pythons
  3 bats
  5 rats
93 creatures vanquished.

Vanquished Creatures (others)
  2 fungi (D:4)
2 creatures vanquished.

Grand Total: 95 creatures vanquished

Notes
Turn   | Place    | Note
-------+----------+-------------------------------------------
     0 | D:1      | 27snakeeyes612 the Octopode Fighter began the quest for the
                  | Orb.
     0 | D:1      | Reached XP level 1. HP: 16/16 MP: 1/1
    43 | D:1      | Reached XP level 2. HP: 16/21 MP: 2/2
   698 | D:1      | Reached XP level 3. HP: 25/26 MP: 3/3
  1284 | D:2      | Reached skill level 1 in Stealth
  1284 | D:2      | Reached XP level 4. HP: 12/31 MP: 4/4
  1620 | D:2      | Found a white marble altar of Elyvilon.
  2304 | D:3      | Noticed a water moccasin
  2312 | D:3      | Killed a water moccasin
  2313 | D:3      | Reached skill level 2 in Stealth
  2313 | D:3      | Reached XP level 5. HP: 4/37 MP: 5/5
  2646 | D:3      | Noticed Ijyb
  2653 | D:3      | Killed Ijyb
  2783 | D:3      | Found Zyrat's Assorted Antiques.
  3404 | D:4      | Found a runed translucent door.
  3405 | D:4      | Noticed Crazy Yiuf
  3428 | D:4      | Found a staircase to the Ecumenical Temple.
  3456 | Temple   | Entered the Ecumenical Temple
  3490 | Temple   | Became a worshipper of Trog the Wrathful
  3564 | D:4      | Reached XP level 6. HP: 27/43 MP: 6/6
  3645 | D:4      | Noticed Blork the orc
  3648 | D:4      | Reached skill level 3 in Stealth
  3952 | D:4      | Killed Blork the orc
  4641 | D:4      | Reached XP level 7. HP: 37/49 MP: 7/7
  4792 | D:4      | Reached skill level 4 in Stealth
  5088 | D:5      | Entered Level 5 of the Dungeon
  5999 | D:4      | Reached skill level 5 in Dodging
  5999 | D:4      | Reached XP level 8. HP: 45/54 MP: 8/8
  6016 | D:4      | Reached skill level 5 in Fighting
  6016 | D:4      | Reached skill level 5 in Stealth
  6016 | D:4      | Reached skill level 5 in Shields
  6785 | D:5      | Noticed Grinder
  7001 | D:5      | Paralysed by Grinder for 5 turns
  7009 | D:5      | Killed Grinder
  7010 | D:5      | Reached skill level 5 in Axes
  7010 | D:5      | Reached skill level 6 in Stealth
  7259 | D:5      | Reached * piety under Trog
  7355 | D:6      | HP: 2/84 [steam dragon (5)]
  7356 | D:6      | Killed from afar by a steam dragon

Illustrated notes

Levels and vault maps discovered:
D:1:      dpeg_arrival_long_road, layout_basic
D:2:      layout_loops_ring, basic_altar, kennysheep_cross_room
D:3:      layout_basic, serial_shops, nicolae_shop_stone, uniq_ijyb
D:4:      layout_rooms, minmay_temple_entry_trees, roderic_serpentine_path,
          hangedman_abyss_or_decor_stabs, patterned_corridor,
          uniq_crazy_yiuf_cottage, uniq_blork_the_orc
D:5:      layout_cave_pods, uniq_grinder
D:6:      layout_gridville, uniq_pikel, uniq_prince_ribbit1, uniq_duvessa
Temple:   compressed_dpeg_circular_temple

Skill      XL: |  1  2  3  4  5  6  7  8 |
---------------+-------------------------+-----
Stealth        | 1 2 3 4 6 |  6.2
Axes           | 3 4 5 |  5.0
Dodging        | 4 5 |  5.6
Shields        | 4 5 |  5.5
Fighting       | 4 5 |  5.5

Action                   |  1- 3 |  4- 6 |  7- 9 || total
-------------------------+-------+-------+-------++-------
Melee: War axe           |    46 |    74 |    53 ||   173
       Constrict         |    10 |    17 |    14 ||    41
       Tentacles         |     5 |     9 |    19 ||    33
       Broad axe         |       |       |    13 ||    13
Invok: Berserk           |       |       |     1 ||     1
Evoke: Wand              |       |       |    13 ||    13
  Use: Potion            |     1 |     2 |       ||     3
       Scroll            |       |    10 |     2 ||    12
 Stab: Sleeping          |     4 |     9 |       ||    13
Armor: Skin              |     8 |     2 |     3 ||    13
Dodge: Dodged            |    23 |    33 |    34 ||    90
Block: Kite shield       |    23 |    37 |    52 ||   112

Table legend: (Time is in decaauts)
 A = Elapsed time spent in this place.
 B = Non-inter-level travel time spent in this place.
 C = Inter-level travel time spent in this place.
 D = Time resting spent in this place.
 E = Time spent auto-exploring this place.
 F = Levels seen in this place.
 G = Mean time per level.
                   A        B        C        D        E       F      G
               +--------+--------+--------+--------+--------+-----+--------+
         Total |   7451 |   7153 |    298 |   2140 |   4041 |   7 | 1064.4 |
       Dungeon |   7404 |   7106 |    298 |   2140 |   4012 |   6 | 1234.0 |
        Temple |     46 |     46 |      0 |      0 |     29 |   1 |   46.0 |
               +--------+--------+--------+--------+--------+-----+--------+

Top non-repeatable levels by time:
     D:4: 2345 daAuts
     D:3: 1445 daAuts
     D:2: 1330 daAuts
     D:5: 1309 daAuts
     D:1: 909 daAuts
     D:6: 63 daAuts
  Temple: 46 daAuts
